 Dungeon Crawl Stone Soup version 0.30.0-20-g3b4254fcbd (webtiles) character file.

Game seed: 62087653774539411

3561 Strat the Thaumaturge (level 10, -13/73 HPs)
             Began as a Djinni Fire Elementalist on June 2, 2023.
             Was an Initiate of Makhleb.
             Mangled by a komodo dragon (24 damage)
             ... on level 8 of the Dungeon.
             The game lasted 00:20:38 (7946 turns).

Strat the Thaumaturge (Djinni Fire Elementalist)    Turns: 7946, Time: 00:20:39

Health: -13/73     AC:  9    Str:  7    XL:     10   Next: 30%
Gold:   319        EV: 11    Int: 21    God:    Makhleb [......] SH:  0 Dex: 14

rFire   + + .        a - +2 short sword (venom)
rCold   x . .        (no shield)
rNeg    . . .        m - +3 leather armour {Will+}
rPois   ∞            h - +0 helmet
rElec   .            p - +1 cloak
rCorr   .            (no gloves)
SInv    .            (boots unavailable)
Will    ++...        l - amulet of regeneration
Stlth   ++           (no ring)
HPRegen 1.12/turn    (no ring)
MPRegen 0.00/turn

%: infuse magic (-14 HP)
@: flying
A: sickness immunity, fire resistance 2, cold vulnerability 1, float, innate
caster, HP casting, extra vitality 1
a: Renounce Religion


You were on level 8 of the Dungeon.
You worshipped Makhleb.
Makhleb was noncommittal.
You visited 2 branches of the dungeon, and saw 10 of its levels.
You also visited: Sewer.

You collected 352 gold pieces.
You spent 33 gold pieces at shops.

Inventory:

Hand Weapons
 a - a +2 short sword of venom (weapon)
 s - a +0 long sword
Missiles
 F - 2 curare-tipped darts
Armour
 f - a +0 kite shield
 h - a +0 helmet (worn)
 m - a +3 leather armour of willpower (worn)
 p - a +1 cloak (worn)
Jewellery
 l - an amulet of regeneration (around neck)
Wands
 b - a wand of digging (8)
 v - a wand of paralysis (11)
 z - a wand of polymorph (4)
 D - a wand of iceblast (11)
Scrolls
 c - 2 scrolls of fog {unknown}
 e - 3 scrolls of identify
 i - a scroll of magic mapping {unknown}
 j - 3 scrolls of torment {unknown}
 k - 2 scrolls of poison {unknown}
 r - 4 scrolls of blinking {unknown}
 u - a scroll of enchant armour
 x - a scroll of fear {unknown}
 y - a scroll of brand weapon {unknown}
 A - 2 scrolls of teleportation {unknown}
 C - 3 scrolls of summoning {unknown}
Potions
 d - 2 potions of haste
 g - 2 potions of lignification
 n - 5 potions of curing
 q - 4 potions of might
 t - 3 potions of resistance
 B - a potion of invisibility {unknown}


   Skills:
 + Level 6.7 Fighting
 - Level 2.1 Dodging
 - Level 1.5 Stealth
 * Level 9.9 Spellcasting


You knew the following spells:

 Your Spells              Type           Power      Damage    Failure   Level
a - Foxfire               Conj/Fire      100%       2x1d9     1%          1
b - Scorch                Fire           100%       2d9       1%          2
c - Volatile Blastmotes   Fire/Tloc      100%       2d18      1%          3
d - Inner Flame           Hex/Fire       51%        N/A       1%          3
e - Flame Wave            Conj/Fire      51%        2d13      1%          4
f - Apportation           Tloc           100%       N/A       1%          1
g - Poisonous Vapours     Pois/Air       100%       N/A       1%          2
h - Momentum Strike       Conj/Tloc      100%       3d10      1%          2
i - Gell's Gravitas       Tloc           51%        N/A       1%          3
Your spell library was empty.

Dungeon Overview and Level Annotations

Branches:
Dungeon (9/15)             Temple (1/1) D:6            Lair (0/5) D:8
  Sewer (visited)
    Orc: D:9-12

Altars:
Ashenzari
Cheibriados
Dithmenos
Elyvilon
Fedhas
Gozag
Hepliaklqana
Makhleb
Nemelex Xobeh
Okawaru
Qazlal
Ru
Trog
Uskayaw
Wu Jian
Xom
Yredelemnul
Zin
The Shining One

Shops:
D:3 *   D:5 [   D:6 :(:=


Innate Abilities, Weirdness & Mutations

You are immune to sickness and miasma.
You are immune to poison.
Your flesh is very heat resistant. (rF++)
You are vulnerable to cold. (rC-)
You float through the air rather than walking.
You learn spells naturally, not from books.
Your magical power is your life essence.
You have superior vitality. (+4 MHP)


Message History

Flames lash the komodo dragon.
The komodo dragon is burned terribly!
The komodo dragon is moderately wounded.
* * * LOW HITPOINT WARNING * * *
The komodo dragon bites you!!
* * * LOW HITPOINT WARNING * * *
You feel much better. The komodo dragon bites you!
* * * LOW HITPOINT WARNING * * *
Casting: Scorch (safe; 1% risk of failure)
Confirm with . or Enter, or press ? or * to list all spells.
Flames lash the komodo dragon but do no damage.
* * * LOW HITPOINT WARNING * * *
The komodo dragon bites you!!
* * * LOW HITPOINT WARNING * * *
You feel much better. The komodo dragon misses you.
Casting: Scorch (safe; 1% risk of failure)
Confirm with . or Enter, or press ? or * to list all spells.
Flames lash the komodo dragon.
The komodo dragon is moderately wounded.
* * * LOW HITPOINT WARNING * * *
The komodo dragon bites you.
* * * LOW HITPOINT WARNING * * *
Really fly into that cloud of blastmotes? [Y]es or [N]o only, please.
Really fly into that cloud of blastmotes? [Y]es or [N]o only, please.
Really fly into that cloud of blastmotes?
Okay, then.
The komodo dragon barely misses you.
The komodo dragon attacks as you move away!
The komodo dragon bites you.
* * * LOW HITPOINT WARNING * * *
Casting: Scorch (safe; 1% risk of failure)
Confirm with . or Enter, or press ? or * to list all spells.
Flames lash the komodo dragon.
The komodo dragon is burned terribly!
The komodo dragon is heavily wounded.
* * * LOW HITPOINT WARNING * * *
The komodo dragon bites you!!
* * * LOW HITPOINT WARNING * * *
You feel better. The komodo dragon bites you!!
You die...

.........................##
#.
..#..##...................#
##.
.#...#####..>.............#
#.. ....##
#.................# #..
...## ##................##
#.. ..##
#.................# #..
#.######
#.....(...........# #..
.......#
#................#####..
.......#
##....l@.........)..####
.[.....##
#...........###......##
........# ##§.......###
##....... ........#
#.....#### ###.....
........## ##.#### ##....
.........# ### ###..
........## ##. .......#.##
## .....####.### ##.


You could see a komodo dragon (combustible).

Vanquished Creatures
  2 hornets
  A troll (D:8)
  Sigmund (D:2)
  Eustachio (D:5)
  2 water moccasins
  A sky beast (D:7)
  An ice beast (D:7)
  A black bear (D:6)
  3 ogres
  2 phantoms
  A centaur (D:6)
  3 bullfrogs
  3 kobold brigands
  2 gnoll sergeants
  2 scorpions (D:4)
  A killer bee (D:4)
  An electric eel (D:7)
  2 howler monkeys (D:8)
  4 hounds
  2 jellies
  An orc priest (D:6)
  Crazy Yiuf (D:2)
  3 sleepcaps
  4 iguanas
  Natasha (thrice) (D:2)
  2 orc wizards
  8 gnolls
  A river rat (D:4)
  10 adders
  A white imp (D:7)
  2 ufetubi (D:5)
  3 worms
  13 orcs
  11 ball pythons
  8 endoplasms
  4 giant cockroaches
  6 goblins
  6 hobgoblins
  2 jackals (D:2)
  5 quokkas
  3 bats
  4 frilled lizards (Sewer)
  21 kobolds
  8 rats
166 creatures vanquished.

Vanquished Creatures (others)
  280 foxfires
280 creatures vanquished.

Grand Total: 446 creatures vanquished

Notes
Turn   | Place    | Note
-------+----------+-------------------------------------------
     0 | D:1      | Strat the Djinni Fire Elementalist began the quest for the
                  | Orb.
     0 | D:1      | Strat set off with the following spells memorised: Foxfire,
                  | Scorch, Volatile Blastmotes, Inner Flame, Flame Wave.
     0 | D:1      | Reached XP level 1. HP: 15/15 MP: 0/0
   250 | D:1      | Reached XP level 2. HP: 20/22 MP: 0/0
   474 | D:1      | Reached skill level 1 in Fighting
   627 | D:2      | Reached XP level 3. HP: 23/27 MP: 0/0
   627 | D:2      | Learned a level 1 spell: Apportation
   717 | D:2      | Reached skill level 3 in Spellcasting
   791 | D:2      | Reached XP level 4. HP: 29/32 MP: 0/0
   818 | D:2      | Noticed Natasha
   827 | D:2      | Killed Natasha
   831 | D:2      | Noticed Natasha
   836 | D:2      | Killed Natasha
   837 | D:2      | Reached XP level 5. HP: 27/38 MP: 0/0
   837 | D:2      | Learned a level 2 spell: Poisonous Vapours
  1172 | D:2      | Noticed Sigmund
  1225 | D:2      | Killed Sigmund
  1226 | D:2      | Reached skill level 4 in Spellcasting
  1226 | D:2      | Reached XP level 6. HP: 41/43 MP: 0/0
  1462 | D:2      | Noticed Natasha
  1466 | D:2      | Killed Natasha
  1467 | D:2      | Reached skill level 5 in Spellcasting
  1473 | D:2      | Found a runed translucent door.
  1474 | D:2      | Noticed Crazy Yiuf
  1484 | D:2      | Killed Crazy Yiuf
  1826 | D:3      | Found a faded altar of an unknown god.
  1872 | D:3      | Found Kireg's General Store.
  1888 | D:3      | Bought a potion of curing for 33 gold pieces
  1888 | D:3      | Upgraded the game from 0.30.0-19-g36f170ea60 to
                  | 0.30.0-20-g3b4254fcbd
  2503 | D:4      | Reached XP level 7. HP: 49/49 MP: 0/0
  2503 | D:4      | Learned a level 2 spell: Momentum Strike
  2671 | D:4      | Found a glowing drain.
  2679 | Sewer    | Entered a sewer
  3828 | D:4      | Reached skill level 6 in Spellcasting
  4115 | D:5      | Entered Level 5 of the Dungeon
  4233 | D:5      | Noticed Eustachio
  4253 | D:5      | Killed Eustachio
  4254 | D:5      | Reached XP level 8. HP: 52/54 MP: 0/0
  4326 | D:5      | Reached skill level 7 in Spellcasting
  4346 | D:5      | Noticed an animated crystal plate armour
  4348 | D:5      | Found Rahorag's Armour Shoppe.
  4350 | D:5      | Noticed an animated shadow dragon scales
  4584 | D:5      | Found a broken altar of Ashenzari.
  4884 | D:5      | Found a sparkling altar of Nemelex Xobeh.
  4931 | D:5      | Noticed a shadow
  4932 | D:5      | Found a shadowy altar of Dithmenos.
  4935 | D:5      | Found a hazy altar of Hepliaklqana.
  5018 | D:6      | Found Nivel's Antique Weapon Emporium.
  5018 | D:6      | Found Xemeah's Book Boutique.
  5047 | D:6      | Found a staircase to the Ecumenical Temple.
  5220 | D:5      | Reached XP level 9. HP: 27/62 MP: 0/0
  5220 | D:5      | Learned a level 3 spell: Gell's Gravitas
  5276 | D:6      | Found Lailir's Book Shoppe.
  5294 | D:6      | Identified the +1 ring mail "Jeetin" {Int+3 Dex+2}
  5329 | D:6      | Found Faffuf's Jewellery Boutique.
  5431 | D:6      | Reached skill level 8 in Spellcasting
  5570 | Temple   | Entered the Ecumenical Temple
  6166 | D:7      | Reached skill level 5 in Fighting
  6408 | D:7      | Noticed a hornet
  6422 | D:7      | Killed a hornet
  6423 | D:7      | Reached skill level 9 in Spellcasting
  6516 | D:7      | Reached XP level 10. HP: 51/72 MP: 0/0
  6625 | D:7      | Found a shimmering altar of Xom.
  7065 | D:8      | Found a blossoming altar of Fedhas.
  7065 | D:8      | Found a burning altar of Makhleb.
  7071 | D:8      | Became a worshipper of Makhleb the Destroyer
  7255 | D:8      | Found a staircase to the Lair.
  7320 | D:8      | Noticed Psyche
  7345 | D:8      | Paralysed by something for 3 turns
  7364 | D:8      | Noticed Psyche
  7366 | D:8      | Killed Psyche the bullfrog
  7924 | D:9      | Noticed a komodo dragon
  7946 | D:8      | Mangled by a komodo dragon

Illustrated notes

Levels and vault maps discovered:
D:1:      tarquinn_simple_flora_water_c, layout_rooms, minmay_fountain_box
D:2:      layout_loops_ring, hangedman_decor_push, uniq_sigmund, uniq_natasha,
          uniq_crazy_yiuf_cottage
D:3:      layout_loops_ring, shapermc_ecumenical_altar_flowoftime, serial_shops,
          shop, minmay_tree_intersection
D:4:      minmay_clustersquares, layout_layer_cave, gup_sewer_entry_bubbles,
          hex_large, kennysheep_pointless_box
D:5:      layout_loops_corners, nicolae_ashenzari_skybound,
          mainiacjoe_overflow_alcove_1, riverfiend_overflow_shadow_ancestor,
          serial_shops, nicolae_shop_mannequins, uniq_eustachio
D:6:      layout_rooms, lemuel_coloured_pillars_altar,
          minmay_temple_entry_glass, serial_shops, shop,
          nicolae_shop_competitors_out_of_business, shop, shop
D:7:      layout_basic, mainiacjoe_overflow_paths, nrook_pool_corridor
D:8:      layout_cave_pods, mainiacjoe_overflow_large_starburst,
          lair_entry_dummy, uniq_psyche
D:9:      layout_rooms, uniq_pikel
Temple:   jpeg_temple_clearing

Skill      XL: |  1  2  3  4  5  6  7  8  9 10 |
---------------+-------------------------------+-----
Fighting       | 1 2 3 5 6 |  6.7
Spellcasting   | 3 4 5 6 7 9 |  9.9
Dodging        | |  2.1
Stealth        | |  1.5

Action                     |  1- 3 |  4- 6 |  7- 9 | 10-12 || total
---------------------------+-------+-------+-------+-------++-------
  Melee: Dagger            |       |     6 |     6 |       ||    12
         Short sword       |       |       |       |     3 ||     3
   Cast: Foxfire           |    36 |    37 |    86 |     7 ||   166
         Scorch            |     6 |    18 |   128 |    42 ||   194
         Poisonous Vapours |       |       |     5 |     3 ||     8
         Volatile Blastmot |       |       |       |     1 ||     1
  Evoke: Wand              |       |       |       |     1 ||     1
    Use: Scroll            |       |       |     7 |     5 ||    12
         Potion            |       |       |       |     4 ||     4
   Stab: Sleeping          |       |       |     1 |       ||     1
 Armour: Robe              |     3 |     1 |     7 |       ||    11
         Leather armour    |       |       |    22 |    18 ||    40
  Dodge: Dodged            |     4 |    11 |    57 |    28 ||   100
